Map: Dusk Towers

Players

Nerchio - Winner!

  • Race: Zerg Zerg

Showtime

  • Race: Protoss Protoss

Event: DreamHack Open Tours WCS Spring Championship

VOD

https://www.youtube.com/watch?v=EBJAX5OvKrU

Description

Time

  • Played on: May 16, 2016, 8:26 a.m.
  • Length: 11:41

All games in this series

Show
View Real Time Build Order
Export as new Build Order

Nerchio Zerg - Winner!

Build Orders: Hatch First, Lurkers 

Get SALT Encoding   

  12  0:00  Drone  
  13  0:12  Overlord  
  13  0:17  Drone  
  14  0:30  Drone x2  
  14  0:34  Drone  
  17  0:51  Hatchery  
  17  0:55  Drone  
  17  0:58  Drone  
  18  1:07  Extractor  
  17  1:15  Spawning Pool  
  17  1:18  Drone  
  17  1:22  Drone  
  18  1:28  Drone  
  19  1:38  Overlord  
  19  1:52  Drone  
  20  2:02  Zergling x2  
  20  2:03  Queen  
  20  2:05  Queen  
  20  2:07  Metabolic Boost  
  25  2:11  Drone  
  25  2:13  Drone  
  27  2:17  Drone  
  27  2:21  Drone  
  29  2:26  Drone  
  30  2:39  Hatchery  
  30  2:42  Zergling x2  
  30  2:43  Zergling x2  
  31  2:46  Drone  
  31  2:50  Overlord  
  32  2:54  Drone  
  32  2:57  Drone  
  34  3:12  Drone x5  
  38  3:13  Drone x3  
  38  3:17  Overlord  
  41  3:20  Drone  
  41  3:26  Queen  
  44  3:35  Queen, Overlord  
  44  3:37  Drone  
  44  3:40  Overlord  
  47  3:43  Drone  
  47  3:44  Drone  
  47  3:48  Overlord, Drone  
  49  3:51  Drone  
  49  3:52  Drone  
  49  3:55  Drone x2  
  53  3:56  Drone  
  53  3:58  Drone  
  55  4:03  Drone x2  
  55  4:05  Spore Crawler  
  55  4:08  Drone  
  57  4:11  Queen  
  57  4:12  Drone  
  57  4:15  Spore Crawler, Drone  
  60  4:19  Drone  
  60  4:22  Extractor, Evolution Chamber, Drone  
  60  4:23  Drone  
  61  4:30  Lair  
  61  4:32  Spore Crawler, Drone  
  61  4:33  Drone x2  
  61  4:35  Overlord  
  61  4:37  Overlord  
  63  4:40  Drone  
  63  4:41  Drone  
  63  4:42  Overlord  
  63  4:45  Overlord  
  65  4:48  Drone  
  65  4:49  Zerg Missile Weapons Level 1  
  65  4:51  Drone  
  65  4:53  Drone x2  
  65  4:54  Drone  
  65  4:57  Extractor x2  
  65  4:58  Drone x2  
  65  4:59  Extractor  
  67  5:00  Drone  
  67  5:01  Drone  
  67  5:03  Drone  
  70  5:09  Drone x3  
  70  5:10  Drone x2  
  70  5:13  Extractor  
  74  5:19  Drone x2  
  74  5:20  Hatchery  
  76  5:21  Drone  
  76  5:22  Drone  
  76  5:27  Drone x3  
  76  5:30  Drone  
  76  5:31  Hydralisk Den  
  76  5:32  Drone x2  
  76  5:34  Drone  
  79  5:37  Drone  
  79  5:38  Spore Crawler  
  79  5:40  Drone x2  
  79  5:41  Drone x2  
  83  5:44  Overlord  
  83  5:47  Overlord  
  83  5:56  Drone x3  
  83  6:01  Hydralisk x3, Muscular Augments  
  88  6:05  Hydralisk x2  
  88  6:10  Hydralisk  
  88  6:11  Hydralisk  
  94  6:13  Spore Crawler  
  94  6:15  Hydralisk x2  
  94  6:17  Hydralisk  
  101  6:19  Pneumatized Carapace  
  101  6:23  Overlord  
  101  6:24  Extractor  
  100  6:27  Hydralisk x2  
  100  6:28  Hydralisk  
  102  6:33  Drone  
  102  6:34  Drone  
  102  6:38  Hydralisk  
  102  6:39  Hydralisk x3  
  112  6:43  Drone x3  
  112  6:44  Drone  
  112  6:45  Drone  
  117  6:49  Hydralisk x2  
  121  6:56  Evolution Chamber, Zerg Melee Weapons Level 1  
  121  6:58  Hydralisk  
  121  6:59  Hydralisk  
  124  7:02  Hydralisk  
  124  7:07  Drone x2  
  124  7:08  Drone  
  127  7:09  Overlord  
  127  7:10  Overlord  
  127  7:13  Overlord  
  127  7:16  Lurker Den  
  127  7:24  Nydus Network  
  127  7:26  Zerg Missile Weapons Level 2  
  127  7:28  Drone  
  127  7:31  Extractor  
  127  7:32  Zergling x12  
  132  7:42  Zergling x4  
  134  7:47  Overlord x2  
  134  7:50  Overseer  
  133  8:00  Drone x2  
  133  8:03  Hydralisk x4  
  143  8:06  Overlord  
  143  8:10  Overlord x2  
  143  8:11  Overlord  
  143  8:19  Zergling x8  
  151  8:20  Zergling x12  
  145  8:48  Lurker x2  
  145  8:49  Lurker x7  
  145  8:51  Lurker x5  
  145  8:53  Zergling x38  
  178  9:01  Hydralisk x4  
  186  9:07  Hydralisk  
  186  9:08  Hydralisk x2  
  186  9:09  Overlord x2  
  191  9:11  Overlord  
  191  9:15  Overlord x2  
  189  9:28  Nydus Canal  
  189  9:30  Hydralisk x6  
  196  9:33  Hydralisk  
  196  9:35  Hydralisk x2  
  191  9:38  Hydralisk  
  191  9:39  Hydralisk  
  191  9:44  Hydralisk x2  
  192  9:47  Nydus Canal  
  192  9:49  Hydralisk  
  192  9:50  Hydralisk  
  182  9:53  Zergling x2  
  182  9:54  Hydralisk  
  182  9:57  Hydralisk  
  182  9:58  Hydralisk  
  184  10:02  Hydralisk  
  184  10:04  Hydralisk x2  
  189  10:08  Hydralisk x2  
  189  10:11  Hydralisk  
  189  10:13  Hydralisk  
  197  10:18  Hydralisk x2  
  198  10:24  Hydralisk x2  
  199  10:31  Lurker x2  
  199  10:32  Zergling x14  
  197  10:41  Hydralisk x4  
  197  10:43  Hydralisk  
  197  10:45  Hydralisk  
  197  10:47  Zergling x4  
  197  10:51  Nydus Canal, Hydralisk  
  197  10:55  Hydralisk x2  
  196  10:57  Zergling x2  
  196  10:58  Zergling x2  
  198  11:07  Hydralisk  
Show
View Real Time Build Order
Export as new Build Order

Showtime Protoss 

Build Orders: 1 Gate Expand, Phoenix Opening, Zealot Archon 

Get SALT Encoding   

  12  0:01  Probe (Chrono Boost)  
  13  0:11  Probe (Chrono Boost)  
  14  0:17  Pylon  
  14  0:22  Probe (Chrono Boost)  
  16  0:35  Probe (Chrono Boost)  
  16  0:36  Gateway  
  16  0:42  Assimilator  
  16  0:46  Probe (Chrono Boost)  
  17  0:57  Probe (Chrono Boost)  
  18  1:07  Probe (Chrono Boost)  
  19  1:18  Probe (Chrono Boost)  
  20  1:24  Nexus  
  20  1:31  Cybernetics Core  
  20  1:35  Probe (Chrono Boost)  
  21  1:40  Assimilator  
  21  1:45  Probe (Chrono Boost)  
  22  1:51  Pylon  
  22  1:56  Probe (Chrono Boost)  
  23  2:09  Adept (Chrono Boost), Warp Gate, Probe (Chrono Boost)  
  26  2:21  Probe  
  27  2:27  Stargate  
  27  2:32  Zealot (Chrono Boost)  
  27  2:33  Probe  
  27  2:34  Probe  
  31  2:45  Probe (Chrono Boost)  
  31  2:47  Probe (Chrono Boost)  
  33  2:53  Adept  
  33  2:57  Mothership Core (Chrono Boost)  
  38  3:00  Probe (Chrono Boost)  
  38  3:10  Probe (Chrono Boost)  
  38  3:11  Phoenix (Chrono Boost)  
  41  3:14  Pylon  
  41  3:16  Probe  
  42  3:22  Probe  
  43  3:28  Probe  
  43  3:33  Phoenix (Chrono Boost)  
  46  3:34  Probe  
  46  3:40  Probe  
  48  3:45  Pylon  
  48  3:46  Probe  
  49  3:50  Nexus  
  49  3:52  Probe  
  50  3:58  Phoenix (Chrono Boost), Probe  
  53  4:03  Assimilator  
  53  4:05  Probe  
  53  4:06  Assimilator  
  54  4:11  Probe (Chrono Boost)  
  56  4:17  Phoenix (Chrono Boost), Probe (Chrono Boost), Pylon  
  59  4:24  Probe (Chrono Boost)  
  59  4:28  Probe (Chrono Boost)  
  60  4:33  Forge  
  60  4:36  Probe (Chrono Boost)  
  61  4:39  Robotics Facility, Probe (Chrono Boost)  
  61  4:40  Phoenix  
  64  4:49  Probe x2 (Chrono Boost)  
  66  4:54  Protoss Ground Weapons Level 1  
  66  4:57  Pylon  
  68  5:00  Probe (Chrono Boost)  
  68  5:01  Robotics Facility, Probe (Chrono Boost)  
  68  5:03  Probe (Chrono Boost)  
  69  5:10  Probe (Chrono Boost)  
  69  5:13  Probe x2 (Chrono Boost)  
  72  5:20  Gateway  
  72  5:21  Gateway, Probe (Chrono Boost)  
  73  5:24  Probe (Chrono Boost)  
  73  5:28  Observer (Chrono Boost), Probe (Chrono Boost)  
  75  5:34  Probe, Pylon  
  75  5:35  Assimilator  
  77  5:36  Probe  
  77  5:37  Sentry  
  77  5:39  Assimilator  
  77  5:41  Probe  
  80  5:46  Probe  
  80  5:48  Immortal (Chrono Boost)  
  80  5:49  Probe, Pylon  
  87  5:52  Probe  
  92  5:58  Probe  
  92  6:01  Probe  
  92  6:02  Immortal (Chrono Boost)  
  94  6:07  Pylon  
  94  6:08  Sentry  
  96  6:11  Twilight Council  
  96  6:15  Probe  
  96  6:17  Pylon  
  97  6:22  Immortal (Chrono Boost)  
  97  6:25  Gateway x2  
  101  6:30  Gateway x2  
  101  6:32  Protoss Ground Weapons Level 2  
  101  6:33  Gateway  
  101  6:36  Charge (Chrono Boost)  
  105  6:42  Immortal (Chrono Boost)  
  105  6:55  Templar Archives  
  105  6:56  Immortal (Chrono Boost)  
  109  7:11  Pylon  
  109  7:13  Pylon  
  109  7:16  Pylon  
  109  7:19  Pylon  
  109  7:22  Immortal (Chrono Boost)  
  113  7:26  Photon Cannon  
  113  7:27  Photon Cannon  
  117  7:30  Immortal (Chrono Boost)  
  117  7:31  Pylon  
  117  7:33  Probe  
  118  7:39  High Templar x3  
  118  7:40  High Templar  
  126  7:44  Archon  
  126  7:48  Nexus  
  126  7:49  Pylon  
  126  7:52  Pylon  
  126  7:58  Photon Cannon  
  128  8:02  Immortal (Chrono Boost)  
  128  8:03  Photon Cannon x2  
  128  8:04  Pylon  
  128  8:05  Archon  
  132  8:06  Immortal (Chrono Boost)  
  132  8:09  High Templar x2  
  136  8:16  Archon, Pylon  
  136  8:19  Pylon  
  136  8:26  Zealot  
  136  8:27  Zealot x5  
  147  8:38  Observer (Chrono Boost)  
  148  8:42  Immortal (Chrono Boost)  
  148  8:44  Pylon  
  148  8:45  Pylon  
  148  8:46  High Templar x2  
  148  8:47  Zealot x3  
  158  8:50  Archon  
  158  8:51  Zealot x2  
  162  9:01  Immortal (Chrono Boost)  
  166  9:04  Oracle (Chrono Boost)  
  166  9:07  Zealot  
  166  9:08  Zealot  
  171  9:14  High Templar x2  
  171  9:16  Observer  
  175  9:21  Archon  
  176  9:26  Zealot  
  176  9:27  Zealot  
  180  9:31  Pylon  
  180  9:33  Zealot x2  
  176  9:41  Zealot x2  
  176  9:44  Probe  
  176  9:45  Probe x3  
  174  9:48  Zealot x2  
  174  9:49  Zealot x2  
  164  9:55  Probe x2  
  151  10:01  Zealot  
  151  10:12  Zealot x2  
  147  10:23  Zealot  
  145  10:35  Pylon  
  145  10:36  Pylon  
  145  10:37  Pylon  
  145  10:38  Assimilator  
  145  10:40  Zealot x3  
  145  10:41  Zealot  
  149  10:47  Zealot  
  149  10:48  Zealot  
  135  11:10  Zealot  
  137  11:16  Observer  
  138  11:20  Nexus  
  135  11:28  Zealot x5  

Tags
 
Add a new tag
Caveats
  • Supply blocks, unpowered buildings, or Contaminate may cause inaccurate times.
  • Supply counts are checked every 10 seconds.